 Dungeon Crawl Stone Soup version 0.19.0-11-g3fc08b3 (webtiles) character file.

64 Kirk the Covered (level 4, -4/35 HPs)
             Began as a Formicid Fighter on Nov 9, 2016.
             Slain by a gnoll
             ... wielding a +0 halberd
              (10 damage)
             ... on level 2 of the Dungeon.
             The game lasted 00:02:07 (887 turns).

Kirk the Covered (Formicid Fighter)                  Turns: 887, Time: 00:02:08

Health: -4/35      AC:  8    Str: 22    XL:     4   Next: 32%
Magic:  4/4        EV:  9    Int:  7    God:
Gold:   113        SH:  0    Dex: 10    Spells: 0 memorised, 3 levels left

rFire  . . .     SeeInvis +     a - +0 war axe
rCold  . . .     Gourm    .     b - +0 scale mail
rNeg   . . .     Faith    .     (no shield)
rPois  .         Spirit   .     (helmet unavailable)
rElec  .         Reflect  .     h - +0 cloak
rCorr  .         Harm     .     (no gloves)
MR     .....                    (no boots)
Stlth  ..........               (no amulet)
                                (no ring)
                                k - ring of flight

@: confused, lethally poisoned (-4 -> -10)
A: permanent stasis, dig shafts and tunnels, four strong arms, antennae 3
a: Dig, Shaft Self, Evoke Flight


You were on level 2 of the Dungeon.
You were not hungry.

You visited 1 branch of the dungeon, and saw 2 of its levels.

You collected 113 gold pieces.

Inventory:

Hand Weapons
 a - a +0 war axe (weapon)
Armour
 b - a +0 scale mail (worn)
 c - a +0 shield
 h - a +0 cloak (worn)
Jewellery
 k - a ring of flight (left hand)
Scrolls
 e - a scroll of enchant weapon {unknown}
 i - a scroll of recharging {unknown}
 j - a scroll of magic mapping {unknown}
 l - 2 scrolls of remove curse {unknown}
Potions
 d - a potion of brilliance {unknown}
 g - a potion of cure mutation {unknown}
 m - a potion of ambrosia
 o - a potion of curing {unknown}
Comestibles
 f - 4 bread rations
 n - 3 chunks of flesh


   Skills:
 - Level 3.2 Fighting
 * Level 3.7 Axes
 + Level 4.0 Armour
 - Level 3.6 Shields


You had 3 spell levels left.
You didn't know any spells.

Dungeon Overview and Level Annotations

Branches:
Dungeon (2/15)

Altars:
Dithmenos
Yredelemnul


Innate Abilities, Weirdness & Mutations

You are under a permanent stasis effect.
You can dig through walls and to a lower floor.
Your four strong arms can wield two-handed weapons with a shield.
You have a pair of large antennae on your head. (SInv)


Message History

The adder barely misses you.
You slash the worm!
The worm is heavily wounded.
You barely miss the adder.
You feel sick. The adder closely misses you.
The gnoll hits you from afar with a halberd.
* * * LOW HITPOINT WARNING * * *
The worm barely misses you.
Unknown command.
You slash the worm!
You kill the worm!
You closely miss the adder. The adder bites you but does no damage.
The gnoll hits you from afar with a halberd!
* * * LOW HITPOINT WARNING * * *
The adder bites you but does no damage.
Unknown command.
You bump into the rock wall.
* * * LOW HITPOINT WARNING * * *
You feel sick. The adder barely misses you.
The gnoll hits you from afar with a halberd!
You die...

............##..##.#.#
.##....#.#..##..# # .#
................####.#..
.##....#.#..#..........#
.###...#.#......####.#.###
)...>..#.#..#............
.####.......)...##.....#
...............###.....###
................@Sgg.....!
.#.....###.....###gg......
.......# #.....###.#......
.#.....###.....gg.g....###
###.....##.#...#g#.#..##
#..##..#.#..........#
#..###........#.#.#..#
....##..##w#.).#.#.#..#
...........#........ ...


You could see 4 gnolls and an adder.

Vanquished Creatures
  Robin (D:2)
  3 worms (D:2)
  A leopard gecko (D:1)
  A ball python (D:2)
  A giant cockroach (D:1)
  10 goblins (D:2)
  4 hobgoblins (D:2)
  4 jackals (D:1)
  3 kobolds
  6 bats
  A frilled lizard (D:1)
  3 rats
38 creatures vanquished.

Vanquished Creatures (others)
  7 toadstools (D:1)
7 creatures vanquished.

Grand Total: 45 creatures vanquished

Notes
Turn   | Place    | Note
-------+----------+-------------------------------------------
     0 | D:1      | Kirk the Formicid Fighter began the quest for the Orb.
     0 | D:1      | Reached XP level 1. HP: 18/18 MP: 1/1
   156 | D:1      | Reached XP level 2. HP: 14/24 MP: 2/2
   518 | D:2      | Reached XP level 3. HP: 27/29 MP: 3/3
   655 | D:2      | Noticed Robin
   675 | D:2      | Killed Robin
   676 | D:2      | Reached skill level 4 in Armour
   677 | D:2      | Reached XP level 4. HP: 28/35 MP: 4/4
   700 | D:2      | Found a basalt altar of Yredelemnul.
   852 | D:2      | Found a shadowy altar of Dithmenos.
   886 | D:2      | HP: 1/35 [gnoll/halberd (10)]
   887 | D:2      | Slain by a gnoll

Skill      XL: |  1  2  3 |
---------------+----------+-----
Axes           | 3 |  3.7
Armour         | 4 |  4.0
Fighting       | |  3.2
Shields        | |  3.6

Action                   |  1- 3 |  4- 6 || total
-------------------------+-------+-------++-------
Melee: War axe           |    71 |    24 ||    95
  Use: Potion            |     1 |     1 ||     2
Armor: Scale mail        |    59 |    14 ||    73
Dodge: Dodged            |    61 |    18 ||    79
